AoeStats
← LethalHubris

Arabia

511178024Analyzed
2v2 RM · 9d ago on Oct 4, 2026· 32m 54s· 4 players
Game mode
Random Map
Map size
Medium (4 player)
Population
200
Speed
Normal
Resources
Standard
Victory
Conquest
Starting age
Dark Age
Ending age
Imperial Age
RankedLock teamsTeams togetherTeam positionsShared explorationLock speedFull tech treeHidden civsTurbo modeCheats
Victory
Defeat
🇨🇱 Saracens · Chile
1242
+16
🇨🇱 Magyars · Chile
1237
+16
vs
🇺🇸 Khitans · United States
1255
-16
🇺🇸 Lithuanians · United States
1242
-16
Bazinga
7:47 Loom
10:33 Feudal Age
11:31 Double-Bit Axe
11:27 Horse Collar
20:14 Castle Age
19:51 Bloodlines
19:48 Scale Barding Armor
21:38 Gold Mining
24:53 Chain Barding Armor
25:32 Husbandry
voodoomsr
7:10 Loom
9:11 Feudal Age
10:25 Double-Bit Axe
12:25 Horse Collar
16:51 Fletching
17:48 Padded Archer Armor
19:59 Wheelbarrow
22:15 Castle Age
20:57 Bloodlines
21:54 Scale Barding Armor
22:01 Gold Mining
22:42 Crossbowman
25:19 Chain Barding Armor
25:00 Bodkin Arrow
27:13 Husbandry
27:51 Pikeman
29:43 Chain Barding Armor
30:53 Forging
31:28 Thumb Ring
32:46 Iron Casting
33:24 Leather Archer Armor
Stonefoot28
6:13 Loom
9:27 Feudal Age
11:31 Double-Bit Axe
12:18 Horse Collar
19:58 Gold Mining
20:56 Scale Barding Armor
21:13 Bloodlines
21:14 Forging
21:21 Town Watch
24:05 Castle Age
23:18 Wheelbarrow
23:02 Padded Archer Armor
25:17 Chain Barding Armor
25:43 Husbandry
26:39 Bow Saw
27:29 Iron Casting
28:06 Elite Skirmisher
30:23 Heavy Plow
LethalHubris
6:21 Loom
9:40 Feudal Age
10:14 Double-Bit Axe
10:11 Domestication
17:31 Wheelbarrow
20:20 Castle Age
20:39 Fletching
20:42 Gold Mining
21:16 Bodkin Arrow
21:33 Bow Saw
21:25 Padded Archer Armor
22:09 Husbandry
23:54 Thumb Ring
24:11 Heavy Cavalry Archer
25:37 Leather Archer Armor
Connection lost

Rejoining the realm…

Still unreachable

The connection could not be restored.

Session expired

The server has moved on; the page needs a fresh start.